| TOP OF THE 1ST |
|
Tri-City ValleyCats batting - Pitching for Everett AquaSox : LHP Ramiro Aguilar
|
|
Pitching: LHP Ramiro Aguilar
|
|
|
Batting: RHB Omar Amaya
|
0-0: Fly out, F8 (Flyball, 8RD, EV 90.0 MPH)
|
|
Batting: RHB Drew Coleman
|
0-0: Ground out U3 (Groundball, 34, EV 105.0 MPH)
|
|
Batting: RHB Erik Smith
|
0-0: Ball 1-0: Foul Ball, location: 2F 1-1: Foul Ball, location: 2F 1-2: Strikes out swinging
|
| Top of the 1st over - 0 runs, 0 hits, 0 errors, 0 left on base; Tri-City 0 - Everett 0 |
| BOTTOM OF THE 1ST |
|
Everett AquaSox batting - Pitching for Tri-City ValleyCats : LHP Jim Leeman
|
|
Pitching: LHP Jim Leeman
|
|
|
Batting: SHB Tony Morales
|
0-0: Foul Ball, location: 2F 0-1: Ball 1-1: Ground out 4-3 (Groundball, 34, EV 105.6 MPH)
|
|
Batting: RHB Eddie Luna
|
0-0: Reached on error, E3 (Groundball, 34S, EV 83.1 MPH)
|
|
Batting: RHB Marco Diaz
|
0-0: Swinging Strike 0-1: Called Strike Eddie Luna steals 2nd base 0-2: Ball 1-2: Ball 2-2: Ball 3-2: Foul Ball, location: 2F 3-2: Strikes out looking
|
|
Batting: LHB Chris Jackson
|
0-0: Ball 1-0: Swinging Strike 1-1: Ball 2-1: Ball Wild Pitch! Eddie Luna to third 3-1: Fly out, F8 (Flyball, 8LS, EV 80.0 MPH)
|
| Bottom of the 1st over - 0 runs, 0 hits, 1 error, 1 left on base; Tri-City 0 - Everett 0 |
| TOP OF THE 2ND |
|
Tri-City ValleyCats batting - Pitching for Everett AquaSox : LHP Ramiro Aguilar
|
|
Batting: LHB Bruce Arvizu
|
0-0: Ground out 4-3 (Groundball, 4S, EV 80.0 MPH)
|
|
Batting: LHB Tomas de Zeeuw
|
0-0: Foul Ball, location: 2F 0-1: Ball 1-1: Ground out 4-3 (Groundball, 4, EV 100.0 MPH)
|
|
Batting: RHB Steve Moore
|
0-0: Foul Ball, location: 2F 0-1: Foul Ball, location: 2F 0-2: Foul Ball, location: 2F 0-2: Foul Ball, location: 2F 0-2: Strikes out swinging
|
| Top of the 2nd over - 0 runs, 0 hits, 0 errors, 0 left on base; Tri-City 0 - Everett 0 |
| BOTTOM OF THE 2ND |
|
Everett AquaSox batting - Pitching for Tri-City ValleyCats : LHP Jim Leeman
|
|
Batting: RHB Matt Fenimore
|
0-0: Ball 1-0: Called Strike 1-1: Fly out, F8 (Flyball, 8LXD, EV 90.6 MPH)
|
|
Batting: LHB William Gonzales
|
0-0: Reached on error, E4 (Groundball, 4, EV 103.8 MPH)
|
|
Batting: RHB Jose Zuniga
|
0-0: Called Strike 0-1: Fly out, F9 (Flyball, 89M, EV 85.0 MPH)
|
|
Batting: RHB Jwahir Pili
|
0-0: Foul Ball, location: 2F 0-1: Ball 1-1: Ball 2-1: Fly out, F9 (Flyball, 9D, EV 101.9 MPH)
|
| Bottom of the 2nd over - 0 runs, 0 hits, 1 error, 1 left on base; Tri-City 0 - Everett 0 |
| TOP OF THE 3RD |
|
Tri-City ValleyCats batting - Pitching for Everett AquaSox : LHP Ramiro Aguilar
|
|
Batting: RHB Yoshitoshi Mori
|
0-0: Ground out 6-3 (Groundball, 6, EV 93.1 MPH)
|
|
Batting: RHB J.R. Roberts
|
0-0: Called Strike 0-1: Swinging Strike 0-2: Fly out, F9 (Flyball, 89M, EV 98.8 MPH)
|
|
Batting: RHB To-wai Chen
|
0-0: Ground out 5-3 (Groundball, 5S, EV 69.4 MPH)
|
| Top of the 3rd over - 0 runs, 0 hits, 0 errors, 0 left on base; Tri-City 0 - Everett 0 |
| BOTTOM OF THE 3RD |
|
Everett AquaSox batting - Pitching for Tri-City ValleyCats : LHP Jim Leeman
|
|
Batting: RHB James Bickel
|
0-0: Ball 1-0: Called Strike 1-1: Ball 2-1: Called Strike 2-2: Foul Ball, location: 2F 2-2: Foul Ball, location: 2F 2-2: Strikes out swinging
|
|
Batting: SHB Tony Morales
|
0-0: Foul Ball, location: 2F 0-1: Foul Ball, location: 2F 0-2: Strikes out swinging
|
|
Batting: RHB Eddie Luna
|
0-0: Fly out, F4 (Flyball, 4D, EV 83.1 MPH)
|
| Bottom of the 3rd over - 0 runs, 0 hits, 0 errors, 0 left on base; Tri-City 0 - Everett 0 |
| TOP OF THE 4TH |
|
Tri-City ValleyCats batting - Pitching for Everett AquaSox : LHP Ramiro Aguilar
|
|
Batting: RHB Omar Amaya
|
0-0: Ground out 5-3 (Groundball, 56S, EV 85.6 MPH)
|
|
Batting: RHB Drew Coleman
|
0-0: Ball 1-0: Foul Ball, location: 2F 1-1: Ball 2-1: Ball 3-1: Swinging Strike 3-2: Foul Ball, location: 2F 3-2: Strikes out looking
|
|
Batting: RHB Erik Smith
|
0-0: Ball 1-0: Called Strike 1-1: Ball 2-1: Called Strike 2-2: Ball 3-2: Hit by Pitch
|
|
Batting: LHB Bruce Arvizu
|
0-0: Ball 1-0: Ground out 4-3 (Groundball, 4, EV 82.5 MPH)
|
| Top of the 4th over - 0 runs, 0 hits, 0 errors, 1 left on base; Tri-City 0 - Everett 0 |
| BOTTOM OF THE 4TH |
|
Everett AquaSox batting - Pitching for Tri-City ValleyCats : LHP Jim Leeman
|
|
Batting: RHB Marco Diaz
|
0-0: DOUBLE (Flyball, 8RXD, EV 106.2 MPH)
|
|
Batting: LHB Chris Jackson
|
0-0: Ball 1-0: Ball 2-0: Ball 3-0: Called Strike 3-1: Base on Balls
|
|
Batting: RHB Matt Fenimore
|
0-0: Ball 1-0: Called Strike 1-1: Ball 2-1: Ball 3-1: Called Strike 3-2: Reached via error on a dropped throw from 3B, E4 (Groundball, 5D, EV 81.9 MPH) Marco Diaz to third Chris Jackson to second
|
|
Batting: LHB William Gonzales
|
0-0: Foul Ball, location: 2F 0-1: Ball 1-1: Called Strike 1-2: Ball 2-2: Fielders Choice at 2nd, 4-6 (Groundball, 4M, EV 83.1 MPH) Marco Diaz scores Chris Jackson to third
|
|
Batting: RHB Jose Zuniga
|
0-0: Fly out, F5 (Line Drive, 5, EV 71.2 MPH) Lined into DP, U5 (Line Drive, 5, EV 74.4 MPH)
|
| Bottom of the 4th over - 1 run, 1 hit, 1 error, 1 left on base; Tri-City 0 - Everett 1 |
| TOP OF THE 5TH |
|
Tri-City ValleyCats batting - Pitching for Everett AquaSox : LHP Ramiro Aguilar
|
|
Batting: LHB Tomas de Zeeuw
|
0-0: SINGLE (Line Drive, 6D, EV 98.1 MPH)
|
|
Batting: RHB Steve Moore
|
0-0: Called Strike Tomas de Zeeuw steals 2nd base 0-1: Ball 1-1: Ground out 6-3 (Groundball, 6D, EV 100.6 MPH)
|
|
Batting: RHB Yoshitoshi Mori
|
0-0: Swinging Strike 0-1: Ball Wild Pitch! Tomas de Zeeuw to third 1-1: Foul Ball, location: 2F 1-2: Strikes out looking
|
|
Batting: RHB J.R. Roberts
|
0-0: Ball 1-0: Foul Ball, location: 2F 1-1: Ball 2-1: Ball 3-1: Base on Balls
|
|
Batting: RHB To-wai Chen
|
0-0: Swinging Strike 0-1: Foul Ball, location: 2F 0-2: Strikes out swinging
|
| Top of the 5th over - 0 runs, 1 hit, 0 errors, 2 left on base; Tri-City 0 - Everett 1 |
| BOTTOM OF THE 5TH |
|
Everett AquaSox batting - Pitching for Tri-City ValleyCats : LHP Jim Leeman
|
|
Batting: RHB Jwahir Pili
|
0-0: Called Strike 0-1: Ball 1-1: Ball 2-1: Called Strike 2-2: Strikes out swinging
|
|
Batting: RHB James Bickel
|
0-0: Called Strike 0-1: Reached via error on a dropped throw from 3B, E3 (Groundball, 56, EV 76.9 MPH)
|
|
Batting: SHB Tony Morales
|
0-0: SINGLE (Groundball, 56D, EV 95.6 MPH) James Bickel to second
|
|
Batting: RHB Eddie Luna
|
0-0: Ball 1-0: SINGLE (Groundball, 34D, EV 94.4 MPH) James Bickel to third Tony Morales to second
|
|
Batting: RHB Marco Diaz
|
0-0: Ground out 6-3 (Groundball, 6S, EV 69.4 MPH) James Bickel scores Tony Morales to third Eddie Luna to second
|
|
Batting: LHB Chris Jackson
|
0-0: Foul Ball, location: 2F 0-1: Foul Ball, location: 2F 0-2: Ball 1-2: Fly out, F9 (Flyball, 9, EV 88.1 MPH)
|
| Bottom of the 5th over - 1 run, 2 hits, 1 error, 2 left on base; Tri-City 0 - Everett 2 |
| TOP OF THE 6TH |
|
Tri-City ValleyCats batting - Pitching for Everett AquaSox : LHP Ramiro Aguilar
|
|
Batting: RHB Omar Amaya
|
0-0: Called Strike 0-1: Called Strike 0-2: Strikes out swinging
|
|
Batting: RHB Drew Coleman
|
0-0: Ball 1-0: Ball 2-0: Swinging Strike 2-1: Foul Ball, location: 2F 2-2: Strikes out swinging
|
|
Batting: RHB Erik Smith
|
0-0: Ball 1-0: Called Strike 1-1: Called Strike 1-2: Strikes out swinging
|
| Top of the 6th over - 0 runs, 0 hits, 0 errors, 0 left on base; Tri-City 0 - Everett 2 |
| BOTTOM OF THE 6TH |
|
Everett AquaSox batting - Pitching for Tri-City ValleyCats : LHP Jim Leeman
|
|
Batting: RHB Matt Fenimore
|
0-0: Ball 1-0: Foul Ball, location: 2F 1-1: Foul Ball, location: 2F 1-2: Foul Ball, location: 2F 1-2: Ball 2-2: Ball 3-2: Strikes out swinging
|
|
Batting: LHB William Gonzales
|
0-0: Called Strike 0-1: Swinging Strike 0-2: Ball 1-2: Ball 2-2: Strikes out looking
|
|
Batting: RHB Jose Zuniga
|
0-0: Foul Ball, location: 2F 0-1: Ball 1-1: Foul Ball, location: 2F 1-2: Fly out, F8 (Flyball, 8RM, EV 93.8 MPH)
|
| Bottom of the 6th over - 0 runs, 0 hits, 0 errors, 0 left on base; Tri-City 0 - Everett 2 |
| TOP OF THE 7TH |
|
Tri-City ValleyCats batting - Pitching for Everett AquaSox : LHP Ramiro Aguilar
|
|
Batting: LHB Bruce Arvizu
|
0-0: Foul Ball, location: 2F 0-1: Ball 1-1: TRIPLE (Flyball, 89XD, EV 105.6 MPH)
|
|
Batting: LHB Tomas de Zeeuw
|
0-0: Ball 1-0: Ball 2-0: Ground out 4-3 (Groundball, 4, EV 102.5 MPH) Bruce Arvizu scores
|
|
Batting: RHB Steve Moore
|
0-0: Ball 1-0: Ball 2-0: Ball 3-0: Called Strike 3-1: Base on Balls
|
|
Batting: RHB Yoshitoshi Mori
|
0-0: Called Strike 0-1: Ball 1-1: Called Strike 1-2: Strikes out looking
|
|
Pitching: RHP Matt Lane
|
|
|
Batting: RHB J.R. Roberts
|
0-0: Foul Ball, location: 2F 0-1: Called Strike 0-2: Strikes out swinging
|
| Top of the 7th over - 1 run, 1 hit, 0 errors, 1 left on base; Tri-City 1 - Everett 2 |
| BOTTOM OF THE 7TH |
|
Everett AquaSox batting - Pitching for Tri-City ValleyCats : LHP Jim Leeman
|
|
Batting: RHB Jwahir Pili
|
0-0: Ball 1-0: Ball 2-0: Ball 3-0: Base on Balls
|
|
Batting: RHB James Bickel
|
0-0: Ball 1-0: Foul Ball, location: 2F 1-1: Ball Jwahir Pili steals 2nd, throwing error, E2 Jwahir Pili to third 2-1: Ball 3-1: Base on Balls
|
|
Batting: SHB Tony Morales
|
0-0: Called Strike 0-1: Swinging Strike 0-2: Foul Ball, location: 2F 0-2: Strikes out swinging
|
|
Pitching: LHP Ruben Rojas
|
|
|
Batting: RHB Eddie Luna
|
0-0: Ball 1-0: Ball 2-0: Called Strike 2-1: Called Strike 2-2: Ball 3-2: Base on Balls James Bickel to second
|
|
Batting: RHB Marco Diaz
|
0-0: Called Strike 0-1: Ball 1-1: Called Strike 1-2: Strikes out swinging
|
|
Batting: LHB Chris Jackson
|
0-0: Ball 1-0: Foul Ball, location: 2F 1-1: Foul Ball, location: 2F 1-2: Ball 2-2: Strikes out swinging
|
| Bottom of the 7th over - 0 runs, 0 hits, 1 error, 3 left on base; Tri-City 1 - Everett 2 |
| TOP OF THE 8TH |
|
Tri-City ValleyCats batting - Pitching for Everett AquaSox : RHP Matt Lane
|
|
Pinch Hitting: SHB Sean Hill
|
0-0: Ball 1-0: Ball 2-0: Called Strike 2-1: SINGLE (Line Drive, 7S, EV 90.6 MPH)
|
|
Batting: RHB Omar Amaya
|
0-0: Ball 1-0: Foul Ball, location: 2F 1-1: Ball 2-1: Fielders Choice at 2nd, 6-4 (Groundball, 56, EV 83.1 MPH)
|
|
Batting: RHB Drew Coleman
|
0-0: Grounds into double play, 6-4-3 (Groundball, 6, EV 90.0 MPH)
|
| Top of the 8th over - 0 runs, 1 hit, 0 errors, 0 left on base; Tri-City 1 - Everett 2 |
| BOTTOM OF THE 8TH |
|
Everett AquaSox batting - Pitching for Tri-City ValleyCats : LHP Ruben Rojas
|
|
Now at 1B: Sean Hill
|
|
|
Now at 3B: J.R. Roberts
|
|
|
Batting: RHB Matt Fenimore
|
0-0: Called Strike 0-1: Ball 1-1: Ball 2-1: Foul Ball, location: 2F 2-2: Ball 3-2: Foul Ball, location: 2F 3-2: Foul Ball, location: 2F 3-2: Base on Balls
|
|
Batting: LHB William Gonzales
|
0-0: Ball 1-0: Ball 2-0: Ball 3-0: Called Strike 3-1: Base on Balls Matt Fenimore to second
|
|
Pitching: RHP Russ Greer
|
|
|
Batting: RHB Jose Zuniga
|
0-0: Ball 1-0: Foul Ball, location: 2F 1-1: Called Strike 1-2: Strikes out swinging
|
|
Batting: RHB Jwahir Pili
|
0-0: Ball 1-0: Foul Ball, location: 2F 1-1: Foul Ball, location: 2F 1-2: Fly out, F9 (Flyball, 89M, EV 76.9 MPH)
|
|
Batting: RHB James Bickel
|
0-0: Foul Ball, location: 2F 0-1: Foul Ball, location: 2F 0-2: Strikes out swinging
|
| Bottom of the 8th over - 0 runs, 0 hits, 0 errors, 2 left on base; Tri-City 1 - Everett 2 |
| TOP OF THE 9TH |
|
Tri-City ValleyCats batting - Pitching for Everett AquaSox : RHP Matt Lane
|
|
Pitching: RHP Ian Gaines
|
|
|
Now at 3B: Eddie Luna
|
|
|
Now at SS: Omar Solis
|
|
|
Batting: RHB Erik Smith
|
0-0: Ball 1-0: Called Strike 1-1: Ground out 6-3 (Groundball, 6, EV 98.1 MPH)
|
|
Batting: LHB Bruce Arvizu
|
0-0: Foul Ball, location: 2F 0-1: Ball 1-1: Swinging Strike 1-2: Strikes out swinging
|
|
Batting: LHB Tomas de Zeeuw
|
0-0: Foul Ball, location: 2F 0-1: Ball 1-1: Foul Ball, location: 2F 1-2: Ball 2-2: Strikes out swinging
|
| Top of the 9th over - 0 runs, 0 hits, 0 errors, 0 left on base; Tri-City 1 - Everett 2 |
|